 Dungeon Sprint DCSS version 0.19.5 (webtiles) character file.

261 Snowbourne the Cleaver (level 5, -6/52 HPs)
             Began as a Minotaur Berserker on May 12, 2017.
             Was a Believer of Trog.
             Mangled by a neqoxec (8 damage)
             ... in the Dungeon (Sprint II: "The Violet Keep of Menkaure").
             The game lasted 00:00:50 (25 turns).

Snowbourne the Cleaver (Minotaur Berserker)           Turns: 25, Time: 00:00:51

Health: -6/52      AC:  2    Str: 23    XL:     5   Next: 96%
Magic:  4/4        EV: 14    Int:  4    God:    Trog [**....]
Gold:   0          SH:  0    Dex:  7    Spells: 0 memorised, 4 levels left

rFire  . . .     SeeInvis .     a - +0 hand axe
rCold  . . .     Gourm    .     b - +0 animal skin
rNeg   . . .     Faith    .     (no shield)
rPois  .         Spirit   .     (helmet restricted)
rElec  .         Reflect  .     (no cloak)
rCorr  .         Harm     .     (no gloves)
MR     .....     NoTele   +     (no boots)
Stlth  +.........               (no amulet)
                                (no ring)
                                (no ring)

@: exhausted, slowed, lost intelligence, very slow
A: retaliatory headbutt, horns 2, blurry vision 1, clumsy 1, screaming 1
a: Berserk, Trog's Hand, Burn Spellbooks, Renounce Religion


You were in the Dungeon.
You worshipped Trog.
Trog was pleased with you.
You were not hungry.

You visited 1 branch

Inventory:

Hand Weapons
 a - a +0 hand axe (weapon)
Armour
 b - a +0 animal skin (worn)
Scrolls
 i - a scroll of blinking
Potions
 f - a potion of haste
 g - 2 potions of magic
 h - a potion of berserk rage
Comestibles
 c - a bread ration


   Skills:
 + Level 7.6 Fighting
 * Level 10.0 Axes
 + Level 7.0 Armour
 + Level 6.4 Dodging


You had 4 spell levels left.
You didn't know any spells.

Dungeon Overview and Level Annotations

Branches:
Dungeon (1/1)

Altars:


Innate Abilities, Weirdness & Mutations

You reflexively headbutt those who attack you in melee.
You have a pair of horns on your head.
Scrolls take you a little longer to read.
You are clumsy. (Dex -2)
You occasionally shout uncontrollably at your foes.


Message History

You feel better. The neqoxec gestures at you.
Something tries to feed on your intellect!
The ufetubus misses you. The ufetubus barely misses you.
The neqoxec closely misses you. You furiously retaliate!
You headbutt the neqoxec. The neqoxec gestures at you.
Something tries to feed on your intellect!
The ufetubus misses you. x2
You hit the neqoxec but do no damage.
The neqoxec is severely wounded.
You hit the ufetubus but do no damage. The ufetubus hits you. x2
The neqoxec hits you!
* * * LOW HITPOINT WARNING * * *
The ufetubus misses you. The ufetubus closely misses you.
You're too exhausted to go berserk.
You miss the neqoxec. Your headbutt misses the neqoxec.
The neqoxec is severely wounded.
You closely miss the ufetubus. The neqoxec hits you!
You die...

# #5 #+#
#55##.##
#33@<.+
#5##5##
#5 #+# #


You could see 2 neqoxecs, an iron imp, a quasit, 3 white imps and an ufetubus.

Vanquished Creatures
  2 neqoxecs (D)
2 creatures vanquished.

Notes
Turn   | Place    | Note
-------+----------+-------------------------------------------
     0 | D        | Snowbourne the Minotaur Berserker began the quest for the Orb.
     0 | D        | Reached XP level 1. HP: 19/19 MP: 0/0
     1 | D        | Noticed a neqoxec
     1 | D        | Noticed a neqoxec
     1 | D        | Noticed a neqoxec
     1 | D        | Noticed a neqoxec
     3 | D        | Gained mutation: You occasionally shout uncontrollably at your foes. [a neqoxec]
     4 | D        | Gained mutation: You are clumsy. (Dex -2) [a neqoxec]
     7 | D        | Lost intelligence.
    11 | D        | Noticed an iron imp
    11 | D        | Killed a neqoxec
    11 | D        | Reached skill level 8 in Axes
    11 | D        | Reached skill level 5 in Armour
    11 | D        | Reached skill level 5 in Dodging
    11 | D        | Reached XP level 2. HP: 14/31 MP: 1/1
    11 | D        | Reached XP level 3. HP: 17/38 MP: 2/2
    11 | D        | Reached XP level 4. HP: 20/45 MP: 3/3
    11 | D        | Gained mutation: Scrolls take you a little longer to read. [a neqoxec]
    15 | D        | Killed a neqoxec
    15 | D        | Reached ** piety under Trog
    15 | D        | Reached skill level 10 in Axes
    15 | D        | Reached XP level 5. HP: 25/52 MP: 4/4
    24 | D        | HP: 2/52 [neqoxec (15)]
    25 | D        | Mangled by a neqoxec

Skill      XL: |  1  2  3  4 |
---------------+-------------+-----
Fighting       | 6 7 |  7.6
Axes           | 8 10 | 10.0
Armour         | 5 7 |  7.0
Dodging        | 5 6 |  6.4

Action                   |  1- 3 |  4- 6 || total
-------------------------+-------+-------++-------
Melee: Hand axe          |     7 |    12 ||    19
       Headbutt          |     1 |     2 ||     3
Invok: Berserk           |     1 |       ||     1
  Use: Potion            |       |     2 ||     2
Armor: Animal skin       |     1 |       ||     1
Dodge: Dodged            |     1 |    15 ||    16
